 Dungeon Sprint DCSS version 0.27-a0-1308-gc08437e49b (webtiles) character file.

Game seed: 10958268585880427521

192 mhtbhm the Thaumaturge (level 5, -1/24 HPs)
             Began as a Spriggan Earth Elementalist on June 19, 2021.
             Was an Initiate of Vehumet.
             Shot with an arrow by a centaur (13 damage)
             ... in the Dungeon (Sprint IX: "|||||||||||||||||||||||||||||").
             The game lasted 00:01:39 (366 turns).

mhtbhm the Thaumaturge (Spriggan Earth Elementalist) Turns: 366, Time: 00:01:39

Health: -1/24      AC:  3    Str:  7    XL:     5   Next: 42%
Magic:  9/16       EV: 22    Int: 17    God:    Vehumet [......]
Gold:   0          SH:  0    Dex: 16    Spells: 14/20 levels left

rFire    . . .     SeeInvis +   l - +2 scimitar (flame)
rCold    . . .     Faith    .   (shield restricted)
rNeg     . . .     Spirit   .   b - +0 robe
rPois    .         Reflect  .   (helmet restricted)
rElec    .         Harm     .   m - +0 cloak
rCorr    .         Rampage  .   (gloves unavailable)
Will     .....     NoTele   +   (boots unavailable)
Stlth    +++.......             (no amulet)
HPRegen  0.08/turn              n - +2 ring of evasion
MPRegen  0.15/turn              o - +3 ring of strength

@: very quick
A: very small, no large weapons, unfitting armour, see invisible, speed 3
a: Renounce Religion


You were in the Dungeon.
You worshipped Vehumet.
Vehumet was noncommittal.
You visited 1 branch

Inventory:

Hand Weapons
 l - a +2 scimitar of flaming (weapon)
Missiles
 i - 6 stones
Armour
 b - a +0 robe (worn)
 m - a +0 cloak (worn)
Jewellery
 n - a +2 ring of evasion (left hand)
 o - a +3 ring of strength (right hand)
Wands
 k - a wand of iceblast (10)
Scrolls
 h - 2 scrolls of blinking
 j - 2 scrolls of amnesia
Potions
 a - a potion of invisibility
 c - 5 potions of curing
 d - 3 potions of heal wounds
 e - a potion of haste
 f - 3 potions of magic
 g - a potion of berserk rage


   Skills:
 + Level 0.1 Fighting
 + Level 6.3 Dodging
 + Level 5.4 Stealth
 + Level 8.1 Spellcasting
 + Level 1.6 Transmutations
 + Level 7.4 Earth Magic


You had 14 spell levels left.
You knew the following spells:

 Your Spells              Type           Power      Damage    Failure   Level
a - Sandblast             Erth           64%        2d14      1%          1
b - Passwall              Tmut/Erth      18%        N/A       2%          2
c - Stone Arrow           Conj/Erth      38%        3d9       7%          3

Your spell library contained the following spells:

 Spells                   Type           Power      Damage    Failure   Level
 Lee's Rapid Deconstruct  Erth           16%        3d11*     13%         5
 Petrify                  Tmut/Erth      22%        N/A       16%         4


Dungeon Overview and Level Annotations

Branches:
Dungeon (1/1)

Altars:
Cheibriados
Dithmenos
Elyvilon
Fedhas
Gozag
Hepliaklqana
Kikubaaqudgha
Makhleb
Nemelex Xobeh
Okawaru
Qazlal
Ru
Sif Muna
Trog
Uskayaw
Vehumet
Wu Jian
Xom
Yredelemnul
Zin
The Shining One
Beogh
Jiyva
Lugonu


Innate Abilities, Weirdness & Mutations

You are very small and have problems with some larger weapons.
You are too small for most types of armour.
You have supernaturally acute eyesight. (SInv)
You cover ground extremely quickly. (Speed+++)


Message History

Aim: a kobold brigand, wielding a +0 whip and quivering poisoned darts (76% to hit)
The blast of sand hits the kobold brigand!
The kobold brigand is moderately wounded.
Unknown command.
Unknown command.
Casting: Sandblast (safe; 1% risk of failure)
Confirm with . or Enter, or press ? or * to list all spells.
Aiming: Sandblast (safe; 1% risk of failure)
Press: ? - help, Shift-Dir - straight line, f/p - kobold brigand
Aim: a kobold brigand, wielding a +0 whip and quivering poisoned darts (moderately wounded, 76% to hit)
The blast of sand hits the kobold brigand!
The kobold brigand is severely wounded.
The kobold brigand hits you with a +0 whip.
Unknown command.
Casting: Sandblast (safe; 1% risk of failure)
Confirm with . or Enter, or press ? or * to list all spells.
Aiming: Sandblast (safe; 1% risk of failure)
Press: ? - help, Shift-Dir - straight line, f/p - kobold brigand
Aim: a kobold brigand, wielding a +0 whip and quivering poisoned darts (severely wounded, 76% to hit)
The blast of sand hits the kobold brigand!!
You kill the kobold brigand!
Vehumet accepts your kill.
The centaur wields a +0 shortbow.
The centaur shoots an arrow.
The arrow hits you!
Your Dodging skill increases to level 6!
Your Stealth skill increases to level 5!
Your Spellcasting skill gained 2 levels and is now at level 8!
Your Earth Magic skill increases to level 7!
You have reached level 5!
You feel agile.
Casting: Sandblast (safe; 1% risk of failure)
Confirm with . or Enter, or press ? or * to list all spells.
Aiming: Sandblast (safe; 1% risk of failure)
Press: ? - help, Shift-Dir - straight line, f - centaur
Aim: a centaur, wielding a +0 shortbow and quivering arrows (89% to hit)
The blast of sand hits the centaur!!
The centaur is almost dead.
The centaur shoots an arrow.
The arrow hits you!
Ouch! That really hurt!
You die...

▓_▓
▓'▓
▓.▓
▓.▓
▓)▓
▓.▓
▓.▓
▓[▓
▓@▓
▓)▓
▓c▓
▓l▓
▓Y▓
▓l▓
▓o▓
▓.▓
▓.▓


You could see a yak, 2 wyverns, a centaur and an orc wizard.

Vanquished Creatures
  A kobold brigand (D)
  A scorpion (D)
  A jelly (D)
  An iguana (D)
  A dart slug (D)
  A bat (D)
  A giant cockroach (D)
  A hobgoblin (D)
  A ball python (D)
  A frilled lizard (D)
  A giant cockroach zombie (D)
11 creatures vanquished.

Notes
Turn   | Place    | Note
-------+----------+-------------------------------------------
     0 | D        | mhtbhm the Spriggan Earth Elementalist began the quest for
                  | the Orb.
     0 | D        | Reached XP level 1. HP: 9/9 MP: 5/5
   178 | D        | Noticed an iguana
   178 | D        | Noticed a jelly
   178 | D        | Noticed a scorpion
   240 | D        | Killed an iguana
   241 | D        | Reached skill level 5 in Dodging
   241 | D        | Reached skill level 4 in Spellcasting
   241 | D        | Reached XP level 2. HP: 13/13 MP: 4/8
   241 | D        | Reached XP level 3. HP: 16/16 MP: 4/9
   242 | D        | Reached skill level 5 in Spellcasting
   242 | D        | Reached skill level 5 in Earth Magic
   248 | D        | Killed a scorpion
   249 | D        | Reached skill level 6 in Spellcasting
   249 | D        | Reached XP level 4. HP: 20/21 MP: 9/13
   300 | D        | Found a snail-covered altar of Cheibriados.
   300 | D        | Found a shadowy altar of Dithmenos.
   300 | D        | Found a white marble altar of Elyvilon.
   300 | D        | Found a blossoming altar of Fedhas.
   300 | D        | Found an opulent altar of Gozag.
   301 | D        | Found a hazy altar of Hepliaklqana.
   302 | D        | Found a viscous altar of Jiyva.
   306 | D        | Learned a level 2 spell: Passwall
   310 | D        | Learned a level 3 spell: Stone Arrow
   310 | D        | Found an ancient bone altar of Kikubaaqudgha.
   311 | D        | Found a corrupted altar of Lugonu.
   312 | D        | Found a burning altar of Makhleb.
   313 | D        | Found a sparkling altar of Nemelex Xobeh.
   314 | D        | Found an iron altar of Okawaru.
   315 | D        | Found a stormy altar of Qazlal.
   316 | D        | Found a sacrificial altar of Ru.
   317 | D        | Found a shimmering blue altar of Sif Muna.
   318 | D        | Found a bloodstained altar of Trog.
   319 | D        | Found a hide-covered altar of Uskayaw.
   320 | D        | Found a radiant altar of Vehumet.
   321 | D        | Found an ornate altar of the Wu Jian Council.
   322 | D        | Found a shimmering altar of Xom.
   323 | D        | Found a basalt altar of Yredelemnul.
   324 | D        | Found a glowing silver altar of Zin.
   325 | D        | Found a glowing golden altar of the Shining One.
   328 | D        | Became a worshipper of Vehumet
   360 | D        | Noticed a kobold brigand
   360 | D        | Noticed a centaur
   360 | D        | Noticed a wyvern
   360 | D        | Noticed a yak
   360 | D        | Noticed a wyvern
   365 | D        | Killed a kobold brigand
   366 | D        | Reached skill level 5 in Stealth
   366 | D        | Reached skill level 8 in Spellcasting
   366 | D        | Reached XP level 5. HP: 12/24 MP: 10/16
   366 | D        | Shot with an arrow by a centaur

Illustrated notes

Levels and vault maps discovered:
D:        linesprint [early_d, line_temple, items_1, d_10, items_2, lair_1,
          lair_end, items_3, orc_1, orc_end, items_4, d_15, swamp_1, shoals_1,
          snake_1, spider_1, d_20, vaults_1, items_5, swamp_end, shoals_end,
          snake_end, spider_end, vaults_end, d_27, items_6, zot_1, zot_end,
          crypt_end, forest_end, elf_end, slime_end, tomb_end, abyss_end,
          pan_hell_end]

Skill      XL: |  1  2  3  4 |
---------------+-------------+-----
Earth Magic    | 4 6 7 |  7.4
Dodging        | 5 6 |  6.3
Spellcasting   | 4 6 8 |  8.1
Stealth        | 4 5 |  5.4
Fighting       | |  0.1
Transmutations | |  1.6

Action                   |  1- 3 |  4- 6 || total
-------------------------+-------+-------++-------
 Cast: Sandblast         |    18 |     6 ||    24
  Use: Potion            |     1 |       ||     1
Dodge: Dodged            |     6 |       ||     6

Table legend: (Time is in decaauts)
 A = Elapsed time spent in this place.
 B = Non-inter-level travel time spent in this place.
 C = Inter-level travel time spent in this place.
 D = Time resting spent in this place.
 E = Time spent auto-exploring this place.
 F = Levels seen in this place.
 G = Mean time per level.
                   A        B        C        D        E       F      G
               +--------+--------+--------+--------+--------+-----+--------+
         Total |    336 |    336 |      0 |    201 |     52 |   1 |  336.0 |
       Dungeon |    336 |    336 |      0 |    201 |     52 |   1 |  336.0 |
               +--------+--------+--------+--------+--------+-----+--------+

Top non-repeatable levels by time:
       D: 336 daAuts
